 Dungeon Crawl Stone Soup version 0.27-a0-887-gcab673c142 (webtiles) character file.

Game seed: 12656327197850224605

30 rageheart7 the Skirmisher (level 3, -4/29 HPs)
             Began as a Demonspawn Abyssal Knight on Apr 4, 2021.
             Was a Follower of Lugonu.
             Slain by an orc priest
             ... wielding a +0 short sword
              (5 damage)
             ... on level 3 of the Dungeon.
             The game lasted 00:01:45 (3110 turns).

rageheart7 the Skirmisher (DsAK)                    Turns: 3110, Time: 00:01:46

Health: -4/29      AC:  5    Str: 13    XL:     3   Next: 3%
Magic:  4/4        EV: 10    Int: 13    God:    Lugonu [*.....]
Gold:   112        SH:  4    Dex: 12    Spells: 2/2 levels left

rFire    . . .     SeeInvis .   f - +0 hand axe (vorpal)
rCold    . . .     Faith    .   (no shield)
rNeg     . . .     Spirit   .   i - +0 ring mail
rPois    .         Reflect  .   (helmet restricted)
rElec    .         Harm     .   (no cloak)
rCorr    .         Rampage  .   (no gloves)
Will     .....                  (no boots)
Stlth    +.........             (no amulet)
HPRegen  0.09/turn              (no ring)
MPRegen  0.09/turn              (no ring)

@: no status effects
A: antennae 1, large bone plates 1
a: Renounce Religion, Depart the Abyss


You were on level 3 of the Dungeon.
You worshipped Lugonu.
Lugonu was aware of your devotion.
You visited 1 branch of the dungeon, and saw 3 of its levels.
You visited the Abyss 1 time.

You collected 112 gold pieces.

Inventory:

Hand Weapons
 a - a +1 mace
 f - a +0 vorpal hand axe (weapon)
Armour
 i - a +0 ring mail (worn)
Scrolls
 g - a scroll of identify {unknown}
 h - a scroll of noise {unknown}
Potions
 c - a potion of curing {unknown}
 d - a potion of flight {unknown}
 e - 2 potions of magic {unknown}


   Skills:
 * Level 3.6 Fighting
 * Level 2.5 Maces & Flails
 - Level 1.7 Armour
 - Level 0.8 Dodging
 - Level 2.4 Invocations


You had 2 spell levels left.
You didn't know any spells.
Your spell library was empty.

Dungeon Overview and Level Annotations

Branches:
Dungeon (3/15)

Altars:


Innate Abilities, Weirdness & Mutations

You have a pair of small antennae on your head.
You are partially covered in large bone plates. (SH +4)


Message History

You now have 112 gold pieces (gained 10).
Found a stone staircase leading down.
A goblin and a dart slug come into view.
The goblin shouts!
There are monsters nearby!
An orc priest opens the door.
The orc priest shouts!
You slash the dart slug!
You kill the dart slug!
Lugonu accepts your kill.
You hear a shout!
You hear an angry hiss.
You have reached level 3!
Your experience leads to an increase in your attributes!
Increase (S)trength, (I)ntelligence, or (D)exterity?
You feel stronger.
Your demonic ancestry asserts itself...
Large bone plates grow over parts of your arms.
The goblin hits you but does no damage.
You barely miss the goblin. The goblin closely misses you.
The goblin hits you but does no damage.
You hit the goblin.
You kill the goblin!
Lugonu accepts your kill.
The orc priest mumbles some strange prayers to Beogh against you.
Beogh smites you!
The orc priest hits you with a +0 short sword.
You see here a +0 club.
You are too injured to fight recklessly!
You are too injured to fight recklessly!
You are too injured to fight recklessly!
You are too injured to fight recklessly!
You are too injured to fight recklessly!
You hit the orc priest.
The orc priest is lightly wounded.
The orc priest mumbles some strange prayers to Beogh against you.
Pain shoots through your body!
* * * LOW HITPOINT WARNING * * *
You closely miss the orc priest.
The orc priest is lightly wounded.
The orc priest hits you with a +0 short sword.
You die...

##.#.
....# ....
....# #...
....##.
... ....'.
.. ....##.
#.#.......
#..†......
#o## #.@#
##.## #
#..###..#
##......#
#.####.#
#.## #.#
###..# #.#
######
#....# #.#
#.....
####.# #.#
#.####


You could see an orc priest.

Vanquished Creatures
  A dart slug (D:3)
  2 worms (D:2)
  A giant cockroach (D:1)
  A goblin (D:3)
  A hobgoblin (D:2)
  4 jackals
  2 kobolds
  A quokka (D:1)
  3 ball pythons
  2 bats (D:3)
  A frilled lizard (D:2)
  3 rats (D:2)
22 creatures vanquished.

Notes
Turn   | Place    | Note
-------+----------+-------------------------------------------
     0 | Abyss:1  | rageheart7 the Demonspawn Abyssal Knight began the quest
                  | for the Orb.
     0 | Abyss:1  | Reached XP level 1. HP: 18/18 MP: 2/2
    77 | Abyss:1  | Found a corrupted altar of Lugonu.
    80 | Abyss:1  | Noticed a wight
    81 | D:1      | Escaped the Abyss
  1500 | D:1      | Gained mutation: You have a pair of small antennae on your
                  | head. [demonic ancestry]
  1500 | D:1      | Reached XP level 2. HP: 6/24 MP: 3/3
  2616 | D:2      | Reached * piety under Lugonu
  3102 | D:3      | Gained mutation: You are partially covered in large bone
                  | plates. (SH +4) [demonic ancestry]
  3102 | D:3      | Reached XP level 3. HP: 29/29 MP: 4/4
  3109 | D:3      | HP: 1/29 [orc priest/nerve-wracking pain (12)]
  3110 | D:3      | Slain by an orc priest

Illustrated notes

Levels and vault maps discovered:
D:1:      psy_arrival_radial01, layout_basic
D:2:      layout_rooms
D:3:      layout_basic, kiku_gazebo_garden_becter, kennysheep_cluttered_room,
          uniq_terence

Skill      XL: |  1 |
---------------+----+-----
Maces & Flails | 2 |  2.5
Fighting       | |  3.6
Armour         | |  1.7
Dodging        | |  0.8
Invocations    | |  2.4

Action                   || total
-------------------------++-------
Melee: Mace              ||    46
       Hand axe          ||    43
Invok: Depart the Abyss  ||     1
 Stab: Sleeping          ||     1
Armor: Leather armour    ||    32
       Ring mail         ||     3
Dodge: Dodged            ||    73

Table legend: (Time is in decaauts)
 A = Elapsed time spent in this place.
 B = Non-inter-level travel time spent in this place.
 C = Inter-level travel time spent in this place.
 D = Time resting spent in this place.
 E = Time spent auto-exploring this place.
 F = Levels seen in this place.
 G = Mean time per level.
                   A        B        C        D        E       F      G
               +--------+--------+--------+--------+--------+-----+--------+
         Total |   3138 |   3087 |     51 |      0 |   2834 |   4 |  784.5 |
       Dungeon |   3054 |   3003 |     51 |      0 |   2751 |   3 | 1018.0 |
         Abyss |     84 |     84 |      0 |      0 |     83 |   1 |   84.0 |
               +--------+--------+--------+--------+--------+-----+--------+

Top non-repeatable levels by time:
     D:1: 1651 daAuts
     D:2: 1149 daAuts
     D:3: 253 daAuts
 Abyss:1: 84 daAuts
